 Dungeon Crawl Stone Soup version 0.18.1-5-g4a78601 (webtiles) character file.

1723 Helmschank the Grappler (level 8, -16/68 HPs)
             Began as a Black Draconian Transmuter on May 9, 2016.
             Was an Initiate of Sif Muna.
             Demolished by Erolcha
             ... wielding a +6 giant club
              (26 damage)
             ... on level 8 of the Dungeon on May 10, 2016.
             The game lasted 00:45:53 (8536 turns).

Helmschank the Grappler (DrTm)                      Turns: 8536, Time: 00:45:54

Health: -16/68     AC:  2    Str: 13    XL:     8   Next: 75%
Magic:  11/11      EV: 21    Int: 15    God:    Sif Muna [......]
Gold:   353        SH:  0    Dex: 17    Spells: 4 memorised, 1 level left

rFire  . . .     SeeInvis .       - Unarmed
rCold  . . .     Gourm    .     (armour unavailable)
rNeg   . . .     Faith    .     (shield currently unavailable)
rPois  x         Spirit   .     (helmet currently unavailable)
rElec  .         Dismiss  .     (cloak currently unavailable)
rCorr  .         Reflect  .     (gloves currently unavailable)
SustAt .         Harm     .     (boots currently unavailable)
MR     .....                    v - amulet of magic regeneration
Stlth  ++........               (no ring)
                                n - +1 ring of evasion

@: spider-form (expiring), not resistant to hostile enchantments, unstealthy
A: (breathe lightning), unfitting armour, (electricity resistance),
(cold-blooded), AC +6
a: End Transformation, Renounce Religion


You were on level 8 of the Dungeon.
You worshipped Sif Muna.
Sif Muna was noncommittal.
You were not hungry.
You were a venomous arachnid creature.
You visited 2 branches of the dungeon, and saw 9 of its levels.

You collected 353 gold pieces.

Inventory:

Missiles
 a - 155 arrows
 f - 35 poisoned needles
 g - 296 stones (quivered)
 r - 4 tomahawks
Armour
 d - a +0 cloak (melded)
Jewellery
 n - a +1 ring of evasion (left front leg)
 v - an amulet of magic regeneration (around neck)
Wands
 o - a wand of polymorph (18/24)
 w - a wand of disintegration (24/24)
 z - a wand of flame (24/48)
 A - a wand of hasting (5/9)
 B - a wand of acid (10/15)
Scrolls
 e - 3 scrolls of identify
 j - a scroll of recharging
 l - 2 scrolls of teleportation
 s - 2 scrolls of enchant weapon
 u - 2 scrolls of magic mapping
 y - a scroll of remove curse
Potions
 h - 2 potions of degeneration
 m - a potion of flight
 p - a potion of haste
 q - 6 potions of curing
 x - 4 potions of might
 E - a potion of brilliance {unknown}
Books
 b - a book of Changes

   Spells                             Type                      Level
   a - Beastly Appendage              Transmutation                1
   b - Sticks to Snakes               Transmutation                2
   c - Spider Form                    Transmutation/Poison         3
   d - Ice Form                       Ice/Transmutation            4
   e - Blade Hands                    Transmutation                5
 C - an Akashic Record

   Spells                             Type                      Level
   a - Dispersal                      Translocation                6
   b - Malign Gateway                 Summoning/Translocation      7
   c - Disjunction                    Translocation                8
   d - Controlled Blink               Translocation                8
Comestibles
 c - 8 bread rations
 i - 4 meat rations
 k - a royal jelly
 t - a slice of pizza


   Skills:
 * Level 5.1 Fighting
 - Level 2.1 Dodging
 - Level 8.3 Unarmed Combat
 - Level 2.0 Spellcasting
 + Level 5.4 Transmutations
 - Level 3.0 Ice Magic
 - Level 2.0 Poison Magic


You had one spell level left.
You knew the following spells:

 Your Spells              Type           Power        Failure   Level  Hunger
a - Spider Form           Trmt/Pois      ##........   36%         3    ###....
q - Sticks to Snakes      Trmt           ###.....     14%         2    ###....
s - Ice Form              Ice/Trmt       ##......     63%         4    #####..
z - Beastly Appendage     Trmt           ###...       10%         1    #......


Dungeon Overview and Level Annotations

Branches:
Dungeon (8/15)             Temple (1/1) D:6
   Lair: D:8-11

Altars:
Ashenzari
Cheibriados
Dithmenos
Elyvilon
Fedhas
Gozag
Kikubaaqudgha
Makhleb
Nemelex Xobeh
Okawaru
Pakellas
Qazlal
Ru
Sif Muna
Trog
Vehumet
Xom
Yredelemnul
Zin
The Shining One

Annotations:
D:8 Erolcha


Innate Abilities, Weirdness & Mutations

((You can breathe wild blasts of lightning.))
((Your glossy black scales are hard (AC +6).))
Your body does not fit into most forms of armour.
((You are resistant to electric shocks.))
((You are cold-blooded and may be slowed by cold attacks.))


Message History

Erolcha hits you with an enchanted giant club!!
You take 22 damage, and have 46/68 hp.
MASSIVE DAMAGE!!
You hit Erolcha but do no damage.
Erolcha is poisoned.
Erolcha hits you with an enchanted giant club!!
You take 19 damage, and have 27/68 hp.
MASSIVE DAMAGE!!
You hit Erolcha but do no damage.
Erolcha looks even sicker.
You bite Erolcha!
Erolcha looks even sicker.
Erolcha is moderately wounded.
Erolcha hits you with an enchanted giant club!!
* * * LOW HITPOINT WARNING * * *
You take 19 damage, and have 9/68 hp.
MASSIVE DAMAGE!!
You hit Erolcha.
Erolcha is moderately wounded.
Erolcha closely misses you.
You hit Erolcha.
Erolcha is moderately wounded.
You bite Erolcha!
Erolcha is heavily wounded.
Erolcha hits you with an enchanted giant club!!
You die...

#..>..# #...<.#
#.....# #####
#.....##.)...
####........#>..
#.............#
##..#.....######
#...###O..#
#.....s.?##
#.....##.#
#####.##..#
#.###... #..
.##. ###. .. !.
###.. . ..


You could see Erolcha.

Vanquished Creatures
  Menkaure (D:6)
  A black bear (D:7)
  2 ice beasts (D:5)
  An orc warrior (D:6)
  An ogre (D:5)
  2 centaurs
  A crocodile (D:8)
  4 giant frogs
  A scorpion (D:7)
  A howler monkey (D:3)
  2 crimson imps
  A giant frog zombie (D:6)
  An orc priest (D:3)
  3 hounds
  3 jellies
  A giant frog skeleton (D:6)
  2 worker ants
  2 howler monkey zombies (D:7)
  5 adders
  4 gnolls (D:5)
  A shadow imp (D:4)
  2 oozes (D:2)
  An adder zombie (D:6)
  An adder skeleton (D:5)
  7 worms
  A dart slug (D:4)
  A giant gecko (D:4)
  8 orcs
  3 giant cockroaches
  7 goblins
  9 hobgoblins
  14 jackals
  4 kobolds (D:1)
  4 quokkas
  2 ball pythons
  9 bats
  5 giant newts
  12 rats
130 creatures vanquished.

Notes
Turn   | Place    | Note
--------------------------------------------------------------
     0 | D:1      | Helmschank the Draconian Transmuter began the quest for the Orb.
     0 | D:1      | Reached XP level 1. HP: 16/16 MP: 3/3
   281 | D:1      | Reached XP level 2. HP: 21/23 MP: 3/5
   837 | D:1      | Reached XP level 3. HP: 26/28 MP: 6/6
   925 | D:1      | Learned a level 2 spell: Sticks to Snakes
   929 | D:1      | Learned a level 3 spell: Spider Form
  1382 | D:2      | Reached skill level 4 in Unarmed Combat
  1382 | D:2      | Reached skill level 1 in Poison Magic
  1511 | D:2      | Found a faded altar to an unknown god.
  1554 | D:2      | Reached XP level 4. HP: 20/35 MP: 5/7
  2041 | D:2      | Found a snail-covered altar of Cheibriados.
  2041 | D:2      | Found an opulent altar of Gozag.
  2170 | D:2      | Found a stormy altar of Qazlal.
  2912 | D:3      | Reached XP level 5. HP: 22/40 MP: 8/8
  3597 | D:3      | Reached skill level 5 in Unarmed Combat
  3925 | D:4      | Reached XP level 6. HP: 39/47 MP: 9/9
  4550 | D:5      | Entered Level 5 of the Dungeon
  4805 | D:5      | Reached skill level 6 in Unarmed Combat
  4822 | D:5      | Noticed an ice beast
  5249 | D:5      | Found a shattered altar of Ashenzari.
  5287 | D:5      | Your scales start taking on a glossy black colour.
  5287 | D:5      | Reached XP level 7. HP: 52/52 MP: 10/10
  5287 | D:5      | Gained mutation: You are resistant to electric shocks. [Black Draconian growth]
  5943 | D:5      | Learned a level 4 spell: Ice Form
  5954 | D:5      | Reached skill level 7 in Unarmed Combat
  5954 | D:5      | Reached skill level 1 in Ice Magic
  6427 | D:6      | Found a shadowy altar of Dithmenos.
  6427 | D:6      | Noticed Menkaure
  6464 | D:6      | Killed Menkaure
  6464 | D:6      | Reached XP level 8. HP: 23/59 MP: 11/11
  6722 | D:6      | Found a staircase to the Ecumenical Temple.
  6767 | Temple   | Entered the Ecumenical Temple
  6792 | Temple   | Became a worshipper of Sif Muna the Loreminder
  6856 | D:6      | Reached skill level 8 in Unarmed Combat
  7128 | D:6      | Noticed a moth of wrath
  7157 | D:6      | Found a bloodstained altar of Trog.
  7863 | D:7      | Reached skill level 5 in Transmutations
  8317 | D:8      | Reached skill level 5 in Fighting
  8326 | D:8      | Noticed Erolcha
  8536 | D:8      | Demolished by Erolcha

Skill      XL: |  1  2  3  4  5  6  7  8 |
---------------+-------------------------+-----
Dodging        | 2 |  2.1
Unarmed Combat | 4 5 6 7 8 |  8.3
Poison Magic   | 1 2 |  2.0
Transmutations | 3 4 5 |  5.4
Ice Magic      | 2 3 |  3.0
Fighting       | 5 |  5.1
Spellcasting   | |  2.0

Action                   |  1- 3 |  4- 6 |  7- 9 || total
-------------------------+-------+-------+-------++-------
Melee: Unarmed           |   156 |   179 |   165 ||   500
       Headbutt          |     7 |     7 |     7 ||    21
       Punch             |     2 |     3 |     3 ||     8
       Tailslap          |     8 |     9 |    10 ||    27
       Kick              |     7 |     6 |     6 ||    19
Throw: Stone             |    49 |    77 |    31 ||   157
 Cast: Beastly Appendage |    17 |    18 |    20 ||    55
       Spider Form       |       |     4 |    10 ||    14
       Sticks to Snakes  |       |       |     5 ||     5
 Abil: Breathe Lightning |       |       |     2 ||     2
  Use: Scroll            |       |    14 |     5 ||    19
       Potion            |       |       |     2 ||     2
 Stab: Sleeping          |       |     1 |     2 ||     3
       Distracted        |       |       |     1 ||     1
  Eat: Chunk             |     2 |    10 |     9 ||    21
       Fruit             |       |     4 |     2 ||     6
       Royal jelly       |       |       |     1 ||     1
Armor: Skin              |    48 |    48 |    34 ||   130
Dodge: Dodged            |   108 |    99 |   104 ||   311
